 Dungeon Crawl Stone Soup version 0.27.1-34-g3ba077fa99 (webtiles) character file.

Game seed: 11138165635525115078

35 zeram the Shield-Bearer (level 3, -6/24 HPs)
             Began as a Gargoyle Fighter on Jan 19, 2022.
             Mangled by Sigmund (9 damage)
             ... on level 2 of the Dungeon.
             The game lasted 00:01:48 (866 turns).

zeram the Shield-Bearer (Gargoyle Fighter)           Turns: 866, Time: 00:01:49

Health: -6/24      AC: 10    Str: 20    XL:     3   Next: 35%
Magic:  3/3        EV:  7    Int:  8    God:
Gold:   90         SH:  9    Dex:  9    Spells: 2/2 levels left

rFire    . . .     SeeInvis .   a - +0 flail
rCold    . . .     Faith    .   c - +0 kite shield
rNeg     + . .     Spirit   .   b - +0 scale mail
rPois    ∞         Reflect  .   (no helmet)
rElec    +         Harm     .   (no cloak)
rCorr    .         Rampage  .   (no gloves)
Will     .....                  (no boots)
Stlth    ..........             (no amulet)
HPRegen  0.08/turn              (no ring)
MPRegen  0.08/turn              (no ring)

@: mighty
A: sickness immunity, AC +3, negative energy resistance 1, electricity
resistance, torment resistance 1, petrification resistance
a: no special abilities


You were on level 2 of the Dungeon.
You visited 1 branch of the dungeon, and saw 2 of its levels.

You collected 90 gold pieces.

Inventory:

Hand Weapons
 a - a +0 flail (weapon)
Armour
 b - a +0 scale mail (worn)
 c - a +0 kite shield (worn)
Wands
 e - a wand of flame (23)
Scrolls
 g - a scroll of magic mapping
Potions
 d - a potion of might


   Skills:
 + Level 3.7 Fighting
 + Level 2.3 Maces & Flails
 + Level 3.5 Armour
 + Level 0.3 Dodging
 + Level 3.7 Shields


You had 2 spell levels left.
You didn't know any spells.
Your spell library was empty.

Dungeon Overview and Level Annotations

Branches:
Dungeon (2/15)

Altars:

Shops:
D:1 [

Annotations:
D:2 Sigmund


Innate Abilities, Weirdness & Mutations

You are immune to sickness and miasma.
Your stone body is resilient. (AC +3)
You are immune to poison.
You resist negative energy. (rN+)
You are resistant to electric shocks. (rElec)
You are resistant to unholy torment.
You are immune to petrification.


Message History

No target in view!
No target in view!
No target in view!
No target in view!
No target in view!
You see here a hobgoblin corpse.
Sigmund the Dreaded comes into view.
He is wielding a +0 scythe.
Sigmund shouts!
Sigmund gestures wildly while chanting.
Sigmund flickers and vanishes!
Deactivating autopickup; reactivate with Ctrl-A.
There is a strange disturbance nearby!
There is a strange disturbance nearby!
There is a strange disturbance nearby!
There is a strange disturbance nearby!
Unknown command.
There is a strange disturbance nearby!
There is a strange disturbance nearby!
No target in view!
Okay, then.
There is a strange disturbance nearby!
There is a strange disturbance nearby!
No target in view!
No target in view!
No target in view!
You hear some strange, mumbled words.
You are confused.
Something hits you but does no damage.
You're too confused to move!
Something hits you. Something hits you!
You bump into the rock wall.
Something hits you!
* * * LOW HITPOINT WARNING * * *
You feel less confused. Something hits you.
* * * LOW HITPOINT WARNING * * *
You feel very mighty all of a sudden. Something hits you but does no damage.
You miss something. Something hits you!
You die...

..###
###.##.###.....#....#
#. #.# #..#.#.###..
#. #.# #..###.[#...
#.###..#.#.###.#
##+##........).....#
#....###########...#
#....# #.### #.{..#
#.# #..@.# #.# #....#
#.# #....# #.# #....#
#.# #....# #.# .....#
#.# #.....# #.###
#.....# #.... #####


There were no monsters in sight!

Vanquished Creatures
  An adder (D:2)
  3 endoplasms
  2 giant cockroaches (D:1)
  3 hobgoblins
  2 quokkas (D:1)
  3 ball pythons (D:1)
  5 bats (D:1)
  A frilled lizard (D:1)
  2 kobolds
  2 rats
24 creatures vanquished.

Notes
Turn   | Place    | Note
-------+----------+-------------------------------------------
     0 | D:1      | zeram the Gargoyle Fighter began the quest for the Orb.
     0 | D:1      | Reached XP level 1. HP: 14/14 MP: 1/1
    47 | D:1      | Found Zifoxaec's Armour Shop.
    95 | D:1      | Reached XP level 2. HP: 17/19 MP: 2/2
   724 | D:2      | Reached XP level 3. HP: 22/24 MP: 3/3
   854 | D:2      | Noticed Sigmund
   866 | D:2      | Mangled by Sigmund

Illustrated notes

Levels and vault maps discovered:
D:1:      amcnicky_arrival_flooded_fountain, layout_loops_cross, serial_shops,
          shop
D:2:      layout_basic, dreamdust_ecumenical_altar_angels_and_demons,
          st_stairs_5, minmay_heptomino_h4, uniq_sigmund

Action                   || total
-------------------------++-------
Melee: Flail             ||    71
  Use: Scroll            ||     2
       Potion            ||     1
Armor: Scale mail        ||    53
Dodge: Dodged            ||    26
Block: Kite shield       ||    33
